 Dungeon Crawl Stone Soup version 0.14-a0-1499-g388a102 (webtiles) character file.

191926 4tharraofdagon the Brawler (level 17, -9/163 (166) HPs)
             Began as a Troll Monk on Dec 13, 2013.
             Was the Champion of Makhleb.
             Mangled by a deep troll earth mage (38 damage)
             ... on Level 6 of the Depths on Dec 15, 2013.
             The game lasted 02:32:44 (18138 turns).

4tharraofdagon the Brawler (Troll Monk)            Turns: 18138, Time: 02:32:44

HP  -9/163 (166) AC 11     Str 24      XL: 17   Next: 98%
MP  20/24        EV 21     Int  2 (4)  God: Makhleb [******]
Gold 1469        SH 48     Dex 12      Spells: 10 memorised,  4 levels left

rFire  . . .     SeeInvis .       - Unarmed
rCold  . . .     Clarity  .     H - +2 robe "Uniaro" {+Fly rElec}
rNeg   + . .     Conserve +     d - +8 large shield of Ignorance {rN+ AC+2 EV+2 Int-6 Curse}
rPois  .         rCorr    .     B - +0 cap of the Eight Tales {+Rage}
rElec  +         rRot     .     i - +1 orc cloak
SustAb . .       Spirit   .     (gloves unavailable)
rMut   .         Warding  .     (boots unavailable)
Gourm  +         RndTele  +     M - amulet of conservation
                                o - +5 ring of evasion
                                m - ring of teleportation

@: about to teleport, somewhat resistant to hostile enchantments, unstealthy
A: unfitting armour, claws 3, hooves 1, blink 1, fast metabolism 3, gourmand,
regeneration 3, saprovore 2, shaggy fur 1, tough skin 2, wild magic 1
a: Blink, Minor Destruction, Lesser Servant of Makhleb, Major Destruction,
Greater Servant of Makhleb, Renounce Religion, Evoke Berserk Rage, Evoke Flight,
Evoke Teleportation


You were on level 6 of the Depths.
You worshipped Makhleb.
Makhleb was exalted by your worship.
You were full.

You visited 6 branches of the dungeon, and saw 36 of its levels.
You visited the Abyss 2 times.
You also visited: Labyrinth, Ossuary and Ice Cave.

You collected 2652 gold pieces.
You spent 1183 gold pieces at shops.

Inventory:

Armour
 d - the +8 large shield of Ignorance (worn) {rN+ AC+2 EV+2 Int-6 Curse}
   (You took it off a deep elf demonologist on level 3 of the Elven Halls)

   It affects your AC (+2).
   It affects your evasion (+2).
   It affects your intelligence (-6).
   It protects you from negative energy.
   It may recurse itself.
 f - a +2 cap of spirit shield
 i - a +1 orcish cloak (worn)
 B - the cursed +0 cap of the Eight Tales (worn) {+Rage}
   (You found it on level 3 of the Depths)

   It lets you go berserk.
   It has a curse placed upon it.
 C - a +1 shield of fire resistance
 H - the +2 robe "Uniaro" (worn) {+Fly rElec}
   (You found it on level 2 of the Depths)

   It insulates you from electricity.
   It lets you fly.
 T - a +0 gold dragon hide
Magical devices
 e - a wand of paralysis (10)
 l - a wand of cold (3)
 p - a wand of fire (1)
 E - a wand of digging (13)
 N - a wand of heal wounds (7)
Comestibles
 b - 9 meat rations
 h - 18 bread rations
Scrolls
 c - 2 scrolls of magic mapping
 s - 2 scrolls of fog
 J - 6 scrolls of remove curse
Jewellery
 j - an uncursed ring of positive energy {unknown}
 m - a ring of teleportation (left claw)
 n - an uncursed amulet of resist mutation
 o - a +5 ring of evasion (right claw)
 q - an uncursed amulet of warding {unknown}
 r - an uncursed ring of protection from fire
 t - a +4 ring of intelligence
 x - an uncursed amulet of clarity
 y - an uncursed ring of protection from fire
 z - an uncursed amulet of faith {unknown}
 F - an uncursed ring of fire
 G - an uncursed ring of protection from fire
 L - an uncursed ring of sustain abilities
 M - an amulet of conservation (around neck)
 S - an uncursed ring of flight
 X - an uncursed ring of regeneration
Potions
 g - a potion of resistance
 u - 3 potions of speed
 A - 2 potions of porridge
 I - 3 potions of curing
 O - 5 potions of restore abilities
 Q - 2 potions of agility
 R - 3 potions of brilliance
 U - 2 potions of flight
Books
 k - the Guide on Quantum Hexes
   (You found it on level 3 of the Elven Halls)

   Spells                             Type                      Level
   *Apportation                       Translocation                1
   Sure Blade                         Hexes/Charms                 2
   Dazzling Spray                     Conjuration/Hexes            3
   Leda's Liquefaction                Hexes/Earth                  4
   Silence                            Hexes/Air                    5
   *Phase Shift                       Translocation                5
 w - a book of the Warp

   Spells                             Type                      Level
   Recall                             Summoning/Translocation      3
   *Control Teleport                  Charms/Translocation         4
   *Phase Shift                       Translocation                5
   Warp Weapon                        Charms/Translocation         5
   Dispersal                          Translocation                6
   Controlled Blink                   Translocation                7
   Disjunction                        Translocation                8
 W - a tome of Destruction
 Y - a book of Enchantments

   Spells                             Type                      Level
   Cause Fear                         Hexes                        4
   Silence                            Hexes/Air                    5
   Tukima's Dance                     Hexes                        5
   Deflect Missiles                   Charms/Air                   6
   Haste                              Charms                       6
   Discord                            Hexes                        8
Magical staves
 a - a cursed staff of earth
 V - an uncursed staff of energy
Miscellaneous
 v - an ornate deck of war {the Dance}
 D - a plain deck of wonders {Wild Magic}
 P - a lantern of shadows
 Z - a fan of gales
Rods
 K - a +1 rod of the swarm (12/12)
   (You found it in a labyrinth)


   Skills:
 - Level 10.2 Fighting
 - Level 11.0 Dodging
 - Level 1.1 Stealth
 * Level 13.7 Shields
 - Level 18.3 Unarmed Combat
 - Level 5.0 Spellcasting
 - Level 4.4 Hexes
 - Level 5.2 Translocations
 - Level 6.0 Invocations
 - Level 8.0 Evocations


You had 4 spell levels left.
You knew the following spells:

 Your Spells              Type           Power        Failure   Level  Hunger
a - Apportation           Tloc           #.........   11%         1    ##.....
b - Blink                 Tloc           N/A          19%         2    ###....
c - Summon Butterflies    Summ           #.......     58%         1    ##.....
d - Confusing Touch       Hex            #.........   19%         1    ##.....
e - Repel Missiles        Chrm/Air       #.........   82%         2    ###....
f - Slow                  Hex            #.......     22%         2    ###....
g - Swiftness             Chrm/Air       #.......     82%         2    ###....
h - Shroud of Golubria    Chrm/Tloc      #.........   38%         2    ###....
i - Control Teleport      Chrm/Tloc      #.........   99%         4    #####..
j - Phase Shift           Tloc           #.........   98%         5    ######.


Dungeon Overview and Level Annotations

Branches:
Dungeon (16/16)            Temple (1/1) D:7             Orc (4/4) D:11
    Elf (3/3) Orc:4          Lair (8/8) D:8           Snake (0/5) Lair:3
  Slime (0/6) Lair:8          Zot (0/5) Depths:6     Depths (6/6) D:16
  Swamp: Lair:3-6    Shoals: Lair:3-6    Spider: Lair:3-6    Vaults: D:14-15

Altars:
Ashenzari
Cheibriados
Kikubaaqudgha
Makhleb
Okawaru
Sif Muna
Trog
Xom
Zin
the Shining One

Shops:
Orc:4 [*(*!   Elf:1 /

Portals:
Hell: Depths:1 Depths:2

Annotations:
Lair:8 exclusion: 2 oklob plants
Depths:2 Saint Roka


Innate Abilities, Weirdness & Mutations

You are too large for most types of armour.
You have claws for hands.
Your metabolism is lightning-fast.
You like to eat raw meat.
You regenerate.
You can eat rotten meat.
You are covered in fur (AC +1).
You have very tough skin (AC +2).
You have large cloven feet.
You can translocate small distances at will.
Your spells are a little harder to cast, but a little more powerful.


Message History

You see here a bolt.
Unknown command.
Drink which item? (? for menu, Esc to quit)
Okay, then.
Evoke which item? (* to show all) (? for menu, Esc to quit)
Zapping:
N - a wand of heal wounds (8)
Press: ? - help, Shift-Dir - straight line, f - you You feel much better.
This wand has 7 charges left.
You block the deep troll earth mage's attack.
Unknown command.
Unknown command.
Use which ability? (? or * to list)
You feel strangely unstable.
You feel somewhat less full.
You block the deep troll earth mage's attack.
The deep troll earth mage bites you.
* * * LOW HITPOINT WARNING * * *
You block the deep troll earth mage's attack.
The deep troll earth mage closely misses you.
The deep troll earth mage bites you!
You die...

# . # #### .# #### ...
.. ....)## ..# .#
#.... ..## .# #....
######..##.# ####
#....
.........T#.#.....
#...#
######@T..T...... #...
+.....TCT..T.........
.###....cT.####...####
.........(.........
#####.#.#(.##....
#.#.......#..
#.#.#.....#
#.#.#.....# ........


You could see a stone giant, 2 deep trolls, 4 deep troll earth magi, a deep
troll shaman and a yaktaur.

Vanquished Creatures
  Sojobo (Depths:2)
  A golden dragon (Depths:3)
  A tentacled monstrosity (Depths:3)
  A deep elf blademaster (Elf:3)
  A deep elf master archer (Elf:3)
  A tengu reaver (Depths:1)
  A storm dragon (shapeshifter) (Depths:2)
  4 deep elf sorcerers (Elf:3)
  Wiglaf (Depths:2)
  A fire giant (Abyss:4)
  A cacodemon (Abyss:1)
  6 tentacled starspawn
  Gastronok (Orc:1)
  The ghost of Yermak the Fencer, a powerful FoFi of Okawaru (Lair:8)
  7 deep elf demonologists (Elf:3)
  6 stone giants
  8 deep elf annihilators (Elf:3)
  2 satyrs (Abyss:3)
  2 minotaurs
  3 deep elf death magi (Elf:3)
  A fire dragon (Depths:2)
  4 ettins
  4 deep elf high priests (Elf:3)
  2 hydras
  5 yaktaur captains
  8 ogre magi
  Nessos (D:13)
  2 ice dragons
  Erica (Orc:4)
  A spriggan berserker (Abyss:1)
  7 deep troll earth magi
  2 deep troll shamans
  2 tengu warriors
  3 death yaks (Lair:6)
  2 wretched stars (Abyss:4)
  A thrashing horror (Abyss:1)
  2 naga warriors (Depths:1)
  7 centaur warriors
  A soul eater (Abyss:4)
  A deep elf knight (D:16)
  3 skeletal warriors (D:13)
  A storm dragon skeleton (Depths:3)
  11 large abominations
  An ice statue (IceCv)
  12 deep trolls
  5 hill giants
  2 giant orange brains
  3 unseen horrors
  6 deep elf conjurers
  A wolf spider zombie (D:15)
  An orc knight (Orc:3)
  11 wizards (Depths:2)
  2 necromancers
  A red wasp (Abyss:3)
  2 sixfirhies
  4 stone golems (Elf:3)
  2 cyclopes (D:12)
  A fire giant skeleton (Depths:3)
  29 elephants
  3 black mambas
  A stone giant skeleton (Depths:3)
  A spriggan druid (Lair:8)
  A tormentor (Abyss:4)
  3 deep elf summoners
  The ghost of Daniel the Spear-Bearer, an experienced MfGl of Nemelex Xobeh (D:5)
  Psyche (D:11)
  A smoke demon (Depths:3)
  7 spiny frogs
  2 komodo dragons
  An efreet (Abyss:3)
  2 ancient zymes (Abyss:1)
  Grinder (D:5)
  2 trolls
  4 deep elf priests
  6 giant fireflies (Lair:8)
  2 fire drakes (Lair:8)
  A yaktaur (shapeshifter) (Elf:3)
  A tengu conjurer (Depths:3)
  A blue devil (Abyss:1)
  9 spriggans
  6 blink frogs
  17 yaktaurs
  18 two-headed ogres
  A brown ooze (shapeshifter) (Depths:2)
  A snapping turtle (shapeshifter) (Depths:3)
  A boulder beetle (Abyss:1)
  5 ynoxinuls
  A basilisk (Lair:1)
  20 slime creatures
  4 starcursed masses (Abyss:4)
  11 ugly things
  A water elemental (D:13)
  2 wyverns
  2 ettin skeletons (Depths:2)
  8 grizzly bears (Lair:8)
  A shadow (D:13)
  A stone giant simulacrum (Depths:3)
  A vampire (D:13)
  6 deep elf magi
  2 elephant slugs
  A hippogriff (shapeshifter) (Depths:2)
  Eustachio (D:4)
  2 tarantellas (shapeshifter)
  19 yaks
  9 hippogriffs
  3 clay golems (Elf:3)
  Grum (Orc:2)
  3 chaos spawn
  3 neqoxecs
  A hungry ghost (D:13)
  10 deep elf fighters
  6 sharks
  21 wolves
  A manticore (D:16)
  Edmund (D:4)
  A deep troll zombie (Depths:2)
  6 swamp worms (Lair:1)
  6 small abominations
  2 porcupines
  3 nagas
  2 sky beasts
  7 giant goldfish
  2 swamp drakes
  2 yellow wasps
  An ettin simulacrum (Depths:3)
  21 orc warriors
  7 black bears
  A phantom (D:12)
  9 ice beasts
  6 tengu (Depths:3)
  4 crocodiles
  39 ogres
  25 centaurs
  2 rotting devils (Abyss:4)
  A warg (Orc:3)
  2 elf zombies (Ossuary)
  3 big kobolds
  5 giant slugs
  3 agate snails
  11 giant frogs
  2 jellies
  8 water moccasins
  A cyclops skeleton (D:13)
  8 killer bees
  3 jellyfish
  3 wights (D:9)
  6 crimson imps
  3 electric eels
  3 goliath beetles
  A quasit (Elf:3)
  5 hounds
  A human zombie (Ossuary)
  29 orc wizards
  4 big fish
  23 orc priests
  2 iron imps
  An orange rat (Elf:1)
  4 worker ants
  4 iguanas
  12 sheep
  A big kobold zombie (Ossuary)
  8 boggarts
  An ogre skeleton (D:11)
  5 mummies
  43 green rats
  9 white imps
  9 adders
  2 giant centipedes
  A giant mite (D:3)
  A shadow imp (Orc:4)
  2 inept feature mimics
  8 ufetubi
  10 worms
  A scorpion zombie (D:5)
  An adder zombie (D:6)
  A grey rat (Orc:1)
  2 giant eyeballs
  4 giant geckos
  155 orcs
  9 bats
  3 giant cockroaches
  9 goblins
  13 hobgoblins
  19 jackals
  15 kobolds
  7 quokkas
  A ball python (D:2)
  2 giant newts
  A goblin zombie (Ossuary)
  12 hobgoblin zombies (Ossuary)
  2 jackal zombies (Ossuary)
  9 kobold zombies (Ossuary)
  6 orc zombies (Ossuary)
  14 rats
  3 rat zombies
  4 ballistomycetes (D:6)
  A crawling corpse (Elf:1)
  2 starspawn tentacles (Abyss:4)
1137 creatures vanquished.

Vanquished Creatures (collateral kills)
  A tengu reaver (Depths:2)
  A deep elf sorcerer (Elf:3)
  A tentacled starspawn (Abyss:3)
  2 deep elf annihilators (Elf:3)
  A siren (Depths:2)
  3 plague shamblers (Depths:2)
  A tengu zombie (Depths:2)
  A wizard (Depths:2)
  An ice statue (IceCv)
  An orc sorcerer (Depths:2)
  A stone golem (Elf:3)
  An iron devil (Depths:2)
  5 yaks (Lair:6)
  An air elemental (Depths:2)
  2 clay golems (Elf:3)
  A porcupine (Lair:6)
  A crocodile (Lair:6)
  A sheep (Lair:8)
  An ufetubus (IceCv)
  A jackal (Lair:1)
  A quokka (Lair:6)
  2 rats (Lair:6)
31 creatures vanquished.

Vanquished Creatures (others)
  An Executioner (Lair:8)
  2 blizzard demons (Elf:3)
  2 smoke demons
  2 hellwings
  5 shadows (Lair:6)
  2 ynoxinuls
  A neqoxec (Lair:5)
  A yellow wasp (Abyss:3)
  A killer bee (Abyss:3)
  A spider (Lair:8)
  An orange rat (Elf:3)
  3 worker ants (Lair:8)
  A scorpion (Lair:8)
  2 ufetubi (IceCv)
  2 kobolds (D:14)
  A giant spore (D:6)
  A butterfly (Abyss:3)
  A crawling corpse (Elf:1)
  9 fungi
  7 plants
  17 starspawn tentacles
  37 starspawn tentacle segments (Abyss:4)
100 creatures vanquished.

Grand Total: 1268 creatures vanquished

Notes
Turn   | Place    | Note
--------------------------------------------------------------
     0 | D:1      | 4tharraofdagon, the Troll Monk, began the quest for the Orb.
     0 | D:1      | Reached XP level 1. HP: 22/22 MP: 1/1
   226 | D:2      | Reached XP level 2. HP: 22/29 MP: 1/1
   415 | D:3      | Paralysed by a potion of paralysis for 6 turns
   454 | D:3      | Reached skill level 5 in Unarmed Combat
   454 | D:3      | Reached XP level 3. HP: 36/36 MP: 2/2
   544 | D:4      | Noticed an ogre
   546 | D:4      | Noticed Eustachio
   556 | D:4      | Killed an ogre
   556 | D:4      | Reached skill level 6 in Unarmed Combat
   556 | D:4      | Reached XP level 4. HP: 18/44 MP: 2/2
   565 | D:4      | Killed Eustachio
   565 | D:4      | Reached skill level 7 in Unarmed Combat
   565 | D:4      | Reached XP level 5. HP: 18/50 MP: 2/2
   615 | D:4      | Reached XP level 6. HP: 50/59 MP: 3/3
   635 | D:4      | Noticed Edmund
   657 | D:4      | Killed Edmund
   657 | D:4      | Reached skill level 8 in Unarmed Combat
   670 | D:4      | Got a fine spear
   685 | D:5      | Entered Level 5 of the Dungeon
   685 | D:5      | Noticed Daniel's ghost (experienced MfGl)
   708 | D:5      | Killed Daniel's ghost
   708 | D:5      | Reached skill level 1 in Evocations
   708 | D:5      | Reached XP level 7. HP: 49/66 MP: 2/4
   812 | D:5      | Reached skill level 9 in Unarmed Combat
   946 | D:5      | Noticed Grinder
   951 | D:5      | Paralysed by Grinder for 6 turns
   963 | D:5      | Paralysed by Grinder for 5 turns
   969 | D:5      | Killed Grinder
   969 | D:5      | Reached XP level 8. HP: 37/74 MP: 5/6
  1318 | D:6      | Reached skill level 10 in Unarmed Combat
  1476 | D:7      | Found a deep blue altar of Sif Muna.
  1490 | D:7      | Found a staircase to the Ecumenical Temple.
  1534 | Temple   | Entered the Ecumenical Temple
  1542 | Temple   | Became a worshipper of Makhleb the Destroyer
  1542 | Temple   | Acquired Makhleb's first power
  1542 | Temple   | Acquired Makhleb's second power
  1881 | D:6      | You fall through a shaft!
  1933 | D:8      | Found a sand-covered staircase.
  1940 | Ossuary  | Entered an ossuary
  1991 | Ossuary  | Acquired Makhleb's third power
  2034 | Ossuary  | Reached skill level 1 in Spellcasting
  2069 | Ossuary  | Reached XP level 9. HP: 81/81 MP: 10/10
  2268 | D:9      | Reached skill level 11 in Unarmed Combat
  2463 | D:9      | Found a glowing golden altar of the Shining One.
  2521 | D:8      | Acquired Makhleb's fourth power
  2678 | D:8      | Noticed an elephant
  2679 | D:8      | Noticed a death yak
  2679 | D:8      | Found a staircase to the Lair.
  2680 | D:8      | Noticed an elephant
  2680 | D:8      | Noticed an elephant
  2767 | D:8      | Reached skill level 1 in Invocations
  2802 | D:8      | Reached skill level 1 in Shields
  2881 | D:8      | HP: 2/84 [elephant (10)]
  2890 | D:8      | Killed an elephant
  2893 | D:8      | Killed an elephant
  2895 | D:8      | Killed an elephant
  2895 | D:8      | Reached XP level 10. HP: 29/93 MP: 12/12
  2935 | D:8      | Reached skill level 5 in Evocations
  2988 | D:8      | Acquired Makhleb's fifth power
  3148 | D:7      | Noticed a spriggan baker
  3151 | D:7      | Killed a spriggan baker
  3225 | Lair:1   | Entered Level 1 of the Lair of Beasts
  3298 | Lair:1   | Noticed a black mamba
  3398 | Lair:1   | Killed a black mamba
  3437 | Lair:2   | Reached skill level 12 in Unarmed Combat
  3641 | Lair:3   | Noticed an elephant
  3641 | Lair:3   | Noticed an elephant
  3646 | Lair:3   | Noticed an eight-headed hydra
  3670 | Lair:3   | Killed an elephant
  3677 | Lair:3   | Killed an elephant
  3749 | Lair:3   | Found a staircase to the Snake Pit.
  3836 | Lair:4   | Gained mutation: Your digestive system is specialised to digest meat. [potion of mutation]
  3836 | Lair:4   | Gained mutation: You are dopey. (Int -2) [potion of mutation]
  3836 | Lair:4   | Gained mutation: Your spells are a little harder to cast, but a little more powerful. [potion of mutation]
  4204 | Lair:5   | HP: 4/94 [spiny frog (2)]
  4270 | Lair:5   | M4edhros: hi there
  4292 | Lair:5   | Reached XP level 11. HP: 81/101 MP: 14/14
  4310 | Lair:5   | Found a frozen archway.
  4329 | Lair:5   | Reached skill level 5 in Fighting
  4363 | Lair:5   | Noticed an elephant
  4364 | Lair:5   | Noticed an elephant
  4365 | Lair:5   | Noticed an elephant
  4365 | Lair:5   | Noticed an elephant
  4365 | Lair:5   | Noticed an elephant
  4404 | Lair:5   | Killed an elephant
  4461 | IceCv    | Entered an ice cave
  4494 | IceCv    | M4edhros: is it possible to cast anything with crystal plate armour on?
  4535 | IceCv    | Noticed an ice statue
  4535 | IceCv    | Noticed an ice statue
  4635 | IceCv    | M4edhros: u could
  4638 | IceCv    | M4edhros: put on lantern
  4645 | IceCv    | M4edhros: to get some shadows first
  4668 | IceCv    | M4edhros: get 3-4 and tell them to attack
  4752 | IceCv    | Killed an ice statue
  4835 | IceCv    | Killed an ice statue
  4846 | IceCv    | M4edhros: shadows got upgraded and now are pretty strong
  4849 | IceCv    | 4tharraofdagon: thx
  4854 | IceCv    | M4edhros: np
  5051 | Lair:5   | Killed an elephant
  5055 | Lair:5   | Killed an elephant
  5055 | Lair:5   | Reached skill level 5 in Shields
  5066 | Lair:5   | Killed an elephant
  5073 | Lair:5   | Killed an elephant
  5173 | Lair:6   | Noticed a death yak
  5173 | Lair:6   | Noticed a death yak
  5203 | Lair:6   | Noticed a death yak
  5203 | Lair:6   | Killed a death yak
  5366 | Lair:6   | Killed a death yak
  5382 | Lair:6   | Killed a death yak
  5451 | Lair:6   | Reached skill level 13 in Unarmed Combat
  5677 | Lair:7   | Found a labyrinth entrance.
  5728 | Lab      | Entered a labyrinth
  5846 | Lab      | Noticed a minotaur
  5879 | Lab      | Killed a minotaur
  5918 | Lab      | Identified a +1 rod of the swarm (12/12) (You found it in a labyrinth)
  5926 | Lair:7   | Learned a level 1 spell: Apportation
  5929 | Lair:7   | Learned a level 2 spell: Blink
  5931 | Lair:7   | Learned a level 1 spell: Summon Butterflies
  6005 | Lair:7   | Reached XP level 12. HP: 113/113 MP: 17/17
  6140 | Lair:8   | Entered Level 8 of the Lair of Beasts
  6177 | Lair:8   | Noticed a spriggan rider
  6190 | Lair:8   | HP: 4/113 [spriggan rider/spear (17)]
  6195 | Lair:8   | Killed a giant firefly
  6197 | Lair:8   | Killed a spriggan
  6327 | Lair:8   | Reached skill level 1 in Translocations
  6399 | Lair:8   | Reached skill level 5 in Invocations
  6495 | Lair:8   | Learned a level 1 spell: Confusing Touch
  6499 | Lair:8   | Found a staircase to the Slime Pits.
  6512 | Lair:8   | Noticed Yermak's ghost (powerful FoFi)
  6526 | Lair:8   | Killed Yermak's ghost
  6590 | Lair:8   | Paralysed by a yellow wasp for 3 turns
  6827 | Lair:8   | Noticed a spriggan rider
  6847 | Lair:8   | Killed a giant firefly
  6848 | Lair:8   | Killed a spriggan
  6859 | Lair:8   | Reached XP level 13. HP: 95/122 MP: 20/20
  6925 | Lair:8   | Noticed a spriggan rider
  6944 | Lair:8   | Killed a spriggan rider
  6944 | Lair:8   | Killed a giant firefly
  7008 | Lair:8   | Turgon: Hi - killed Yermak's ghost!
  7083 | Lair:8   | 4tharraofdagon: ye it was tough
  7083 | Lair:8   | 4tharraofdagon: ike hell
  7143 | Lair:8   | Noticed a seven-headed hydra
  7168 | Lair:8   | Killed a seven-headed hydra
  7286 | Lair:8   | Reached skill level 14 in Unarmed Combat
  7624 | Lair:4   | Noticed a six-headed hydra
  7694 | Lair:3   | Gained mutation: You regenerate. [potion of mutation]
  7694 | Lair:3   | Lost mutation: You are dopey. (Int -2) [potion of mutation]
  7694 | Lair:3   | Gained mutation: You can translocate small distances at will. [potion of mutation]
  7695 | Lair:3   | Gained mutation: Your digestive system is highly specialised to digest meat. [potion of mutation]
  7695 | Lair:3   | Lost mutation: Your digestive system is highly specialised to digest meat. [potion of mutation]
  7746 | Lair:3   | Noticed an elephant
  7780 | Lair:3   | Killed an elephant
  7845 | Lair:3   | Identified a scroll of acquirement
  7863 | Lair:3   | Noticed an elephant
  7872 | Lair:3   | Killed an elephant
  7873 | Lair:3   | Noticed an elephant
  7876 | Lair:3   | Noticed an elephant
  7880 | Lair:3   | Killed an elephant
  7884 | Lair:3   | Killed an elephant
  7999 | Lair:2   | Turgon: This new tiles for green mice looks strange
  8054 | Lair:1   | Turgon: Looks more ugly and dangerous now
  8308 | Lair:1   | Gained mutation: You cover ground slowly. [potion of mutation]
  8308 | Lair:1   | Lost mutation: You cover ground slowly. [potion of mutation]
  8308 | Lair:1   | Gained mutation: Your flesh is cold resistant. [potion of mutation]
  8309 | Lair:1   | Gained mutation: You have large cloven feet. [potion of mutation]
  8595 | D:10     | Entered Level 10 of the Dungeon
  8865 | D:11     | Noticed Psyche
  8872 | D:11     | Killed Psyche
  8977 | D:11     | Found a staircase to the Orcish Mines.
  9014 | Orc:1    | Entered Level 1 of the Orcish Mines
  9064 | Orc:1    | Turgon: I don't understand this. Pizza laying around in the dungeon - it should be cold then!
  9136 | Orc:4    | Entered Level 4 of the Orcish Mines
  9140 | Orc:4    | Turgon: Better if you buy it in a shop, it might be hot pizza!
  9164 | Orc:4    | Found Diynliyv's Armour Boutique.
  9351 | Orc:4    | Reached XP level 14. HP: 133/133 MP: 21/21
  9410 | Orc:4    | Found Gaheich's Weapon Shoppe.
  9410 | Orc:4    | Found Jeturol's General Store.
  9411 | Orc:4    | Found Pyet's Distillery.
  9411 | Orc:4    | Found Froapoont's General Store.
  9433 | Orc:4    | 4tharraofdagon: it never happens when i go swords QQ
  9433 | Orc:4    | Turgon: :-)
  9436 | Orc:4    | Bought a potion of curing for 22 gold pieces
  9436 | Orc:4    | Bought a potion of beneficial mutation for 385 gold pieces
  9436 | Orc:4    | Bought a potion of brilliance for 27 gold pieces
  9436 | Orc:4    | Bought a potion of heal wounds for 33 gold pieces
  9440 | Orc:4    | Gained mutation: You can spit poison. [potion of beneficial mutation]
  9442 | Orc:4    | Bought a scroll of teleportation for 45 gold pieces
  9442 | Orc:4    | Bought a scroll of identify for 30 gold pieces
  9444 | Orc:4    | Turgon: A troll with hooves, spitting poison!
  9444 | Orc:4    | Bought a potion of curing for 26 gold pieces
  9444 | Orc:4    | Bought a potion of restore abilities for 39 gold pieces
  9446 | Orc:4    | 4tharraofdagon: i fuckin REGENERATE!
  9446 | Orc:4    | Turgon: yes
  9446 | Orc:4    | Turgon: = better turn count
  9580 | Orc:4    | Reached skill level 5 in Spellcasting
  9611 | Orc:4    | Turgon: And now? Halls?
  9646 | Orc:4    | Noticed Erica
  9652 | Orc:4    | Killed Erica
  9665 | Orc:4    | 4tharraofdagon: hmm ye
  9695 | Orc:4    | Turgon: And the right moment for getting a robe of MR
  9728 | Orc:4    | Turgon: Ev +8!
  9758 | Orc:4    | Turgon: A troll with EV 18 is rare
  9825 | Orc:4    | 4tharraofdagon: it starts
  9827 | Orc:4    | Turgon: drop enchA?
  9845 | Orc:4    | Learned a level 2 spell: Repel Missiles
  9851 | Orc:4    | Learned a level 2 spell: Slow
  9856 | Orc:4    | 4tharraofdagon: im goin to abuse slow self
  9885 | Orc:4    | Turgon: for faster regen/turncount?
  9889 | Orc:4    | 4tharraofdagon: ya
  9889 | Orc:4    | Turgon: How will you do this?
  9910 | Orc:4    | Found a staircase to the Elven Halls.
 10278 | Orc:1    | Noticed Grum
 10344 | Orc:2    | Killed Grum
 10388 | Orc:1    | Noticed Gastronok
 10420 | Orc:1    | Killed Gastronok
 10420 | Orc:1    | Reached skill level 15 in Unarmed Combat
 10716 | Elf:1    | Entered Level 1 of the Elven Halls
 10731 | Elf:1    | Reached skill level 1 in Hexes
 10951 | Elf:2    | timbw: trolls so frustrating
 10999 | Elf:3    | Entered Level 3 of the Elven Halls
 11389 | Elf:3    | Reached skill level 10 in Shields
 11449 | Elf:3    | Cast into the Abyss (deep elf demonologist)
 11531 | Abyss:3  | Noticed a tentacled starspawn
 11557 | Abyss:3  | Killed a tentacled starspawn
 11569 | Abyss:3  | timbw: i wonder if its worth
 11574 | Abyss:3  | timbw: farming some exp
 11577 | Abyss:3  | timbw: in abyss
 11586 | Abyss:3  | timbw: on like abyss 4
 11734 | Abyss:3  | Noticed a tentacled starspawn
 11741 | Abyss:3  | Killed a tentacled starspawn
 11768 | Abyss:3  | Noticed a tentacled starspawn
 11776 | Abyss:3  | Killed a tentacled starspawn
 11776 | Abyss:3  | Reached XP level 15. HP: 126/143 MP: 17/23
 11783 | Abyss:3  | Noticed a tentacled starspawn
 11791 | Abyss:3  | Killed a tentacled starspawn
 11816 | Abyss:4  | Found a corrupted altar of Lugonu.
 12037 | Abyss:4  | Reached skill level 16 in Unarmed Combat
 12098 | Abyss:4  | timbw: summon greater?
 12170 | Abyss:4  | Noticed a Shadow Fiend
 12170 | Abyss:4  | timbw: RUNE
 12178 | Abyss:4  | timbw: rune is at those wasps :<
 12195 | Elf:3    | Escaped the Abyss
 12217 | Elf:3    | timbw: -6 int
 12217 | Elf:3    | timbw: -.-
 12229 | Elf:3    | Noticed a deep elf sorcerer
 12264 | Elf:3    | Killed a deep elf sorcerer
 12322 | Elf:3    | Noticed a deep elf sorcerer
 12326 | Elf:3    | Cast into the Abyss (deep elf sorcerer)
 12477 | Abyss:1  | Noticed a storm dragon
 12652 | Abyss:1  | Gained mutation: You are dopey. (Int -2) [a cacodemon]
 12739 | Abyss:2  | Found a corrupted altar of Lugonu.
 12755 | Elf:3    | Escaped the Abyss
 12760 | Elf:3    | Killed a deep elf sorcerer
 12883 | Elf:3    | Got an ichor-stained morningstar {flame}
 12890 | Elf:3    | Got an ichor-stained chain mail
 12958 | Elf:3    | Got an ancient halberd
 12970 | Elf:3    | Noticed a deep elf sorcerer
 12990 | Elf:3    | Killed a deep elf sorcerer
 13057 | Elf:3    | Noticed a deep elf sorcerer
 13087 | Elf:3    | Killed a deep elf sorcerer
 13089 | Elf:3    | Got a blackened halberd {drain}
 13144 | Elf:3    | Noticed a deep elf master archer
 13170 | Elf:3    | Killed a deep elf master archer
 13170 | Elf:3    | Reached XP level 16. HP: 139/156 MP: 11/23
 13281 | Elf:3    | Identified the Catalogue of Displaced Self-Knowledge (You found it on level 3 of the Elven Halls)
 13427 | Elf:3    | Reached skill level 17 in Unarmed Combat
 13487 | Elf:3    | Got a crude demon blade
 13524 | Elf:3    | Noticed a deep elf blademaster
 13536 | Elf:3    | Killed a deep elf blademaster
 13653 | Elf:3    | Noticed a deep elf sorcerer
 13661 | Elf:3    | Killed a deep elf sorcerer
 13704 | Elf:3    | Learned a level 2 spell: Swiftness
 13707 | Elf:3    | Learned a level 2 spell: Shroud of Golubria
 13708 | Elf:3    | Identified the Guide on Quantum Hexes (You found it on level 3 of the Elven Halls)
 13956 | Elf:1    | Found Fyrolaz's Magical Wand Shoppe.
 13969 | Elf:1    | Bought a wand of heal wounds (4) for 576 gold pieces
 14052 | Orc:4    | 4tharraofdagon: 5hours of sleep QQ
 14052 | Orc:4    | Daniel: why?
 14052 | Orc:4    | Daniel: what are you doing?
 14052 | Orc:4    | 4tharraofdagon: work obviously
 14052 | Orc:4    | Daniel: :/
 14052 | Orc:4    | 4tharraofdagon: 2 days of 12hours shift
 14052 | Orc:4    | 4tharraofdagon: and then 2 days of break
 14052 | Orc:4    | 4tharraofdagon: its not so bad
 14052 | Orc:4    | Daniel: what area?
 14052 | Orc:4    | 4tharraofdagon: IT
 14052 | Orc:4    | 4tharraofdagon: SysOps monitoring
 14052 | Orc:4    | Daniel: oh i see
 14052 | Orc:4    | 4tharraofdagon: and shit like this
 14052 | Orc:4    | 4tharraofdagon: anyway cya round
 14052 | Orc:4    | Daniel: see ya
 14052 | Orc:4    | 4tharraofdagon: my mind is glowing
 14052 | Orc:4    | Upgraded the game from 0.14-a0-1444-g21dc12d to 0.14-a0-1499-g388a102
 14052 | Orc:4    | Bloax: oh my
 14052 | Orc:4    | Bloax: THE shield!
 14052 | Orc:4    | 4tharraofdagon: ye:D
 14065 | Orc:4    | Bloax: Unfortunately it completely fucks up your casting.
 14067 | Orc:4    | Bloax: but you're a troll so at least it won't require 25 shields
 14117 | D:11     | 4tharraofdagon: where have you been recently
 14327 | D:13     | Bloax: this is where it strikes me how awful my memory is for anything but information and technique
 14342 | D:13     | Bloax: i can't even remember
 14601 | D:13     | timbw: is that shield of ignorance?
 14635 | D:13     | Bloax: yep
 14656 | D:13     | timbw: and he still has
 14658 | D:13     | timbw: massive int
 14766 | D:14     | Bloax: hahahah
 14774 | D:14     | 4tharraofdagon: look at that regeneration
 14774 | D:14     | Bloax: boy we're going far into degenerate play territory
 14777 | D:13     | Bloax: so far that we're pushing the boundaries
 14893 | D:13     | Noticed Nessos
 14905 | D:13     | Killed Nessos
 14943 | D:13     | Lost mutation: You can spit poison. [potion of cure mutation]
 14943 | D:13     | Lost mutation: You are dopey. (Int -2) [potion of cure mutation]
 14943 | D:13     | Lost mutation: Your flesh is cold resistant. [potion of cure mutation]
 14943 | D:13     | Lost mutation: Your digestive system is specialised to digest meat. [potion of cure mutation]
 15204 | D:15     | Entered Level 15 of the Dungeon
 15232 | D:16     | Entered Level 16 of the Dungeon
 15340 | D:16     | Found an ancient bone altar of Kikubaaqudgha.
 15453 | D:16     | Found a staircase to the Depths.
 15562 | Depths:1 | Entered Level 1 of the Depths
 15579 | Depths:1 | Daniel: hi
 15621 | Depths:1 | 4tharraofdagon: hello
 15673 | Depths:1 | Noticed a lich
 16046 | Depths:1 | Learned a level 4 spell: Control Teleport
 16222 | Depths:1 | Found a gateway to Hell.
 16236 | Depths:2 | Noticed Sojobo
 16255 | Depths:1 | Reached skill level 18 in Unarmed Combat
 16303 | Depths:1 | timbw: lol
 16307 | Depths:1 | timbw: slow for regen :D
 16362 | Depths:1 | Learned a level 5 spell: Phase Shift
 16431 | Depths:2 | timbw: also
 16444 | Depths:2 | timbw: troll leather armour = 19% gdr
 16451 | Depths:2 | timbw: really use robe?
 16544 | Depths:2 | Reached XP level 17. HP: 71/165 MP: 5/24
 16546 | Depths:2 | Reached skill level 10 in Fighting
 16692 | Depths:2 | Reached skill level 5 in Translocations
 16809 | Depths:2 | Noticed Saint Roka
 16809 | Depths:2 | Noticed Wiglaf
 17116 | Depths:2 | archaeo: nice manual
 17122 | Depths:2 | Got a transparent robe
 17129 | Depths:2 | Identified the +2 robe "Uniaro" {+Fly rElec} (You found it on level 2 of the Depths)
 17131 | Depths:2 | Torious: not bad
 17149 | Depths:2 | Torious: (robe)
 17237 | Depths:2 | Killed Sojobo
 17237 | Depths:2 | Reached skill level 5 in Dodging
 17313 | Depths:2 | Killed Wiglaf
 17811 | Depths:3 | Reached skill level 10 in Dodging
 17873 | Depths:3 | Noticed a tentacled monstrosity
 17904 | Depths:3 | Killed a tentacled monstrosity
 17934 | Depths:3 | Got a faintly humming cap
 17940 | Depths:3 | Identified the cursed +0 cap of the Eight Tales {+Rage} (You found it on level 3 of the Depths)
 17978 | Depths:3 | Noticed a golden dragon
 17987 | Depths:3 | Killed a golden dragon
 18040 | Depths:3 | You fall through a shaft for 3 floors!
 18040 | Depths:6 | Entered Level 6 of the Depths
 18111 | Depths:6 | Noticed a golden dragon
 18138 | Depths:6 | Mangled by a deep troll earth mage

Action                   |  1- 3 |  4- 6 |  7- 9 | 10-12 | 13-15 | 16-18 || total
-------------------------+-------+-------+-------+-------+-------+-------++-------
Melee: Unarmed           |    51 |    50 |   375 |   760 |  1747 |  1127 ||  4110
       Staff             |       |       |       |       |       |    15 ||    15
 Cast: Apportation       |       |       |       |       |    27 |     8 ||    35
       Confusing Touch   |       |       |       |       |     2 |       ||     2
       Slow              |       |       |       |       |       |     5 ||     5
Invok: Lesser Servant of |       |       |     1 |     3 |     3 |     4 ||    11
       Greater Servant o |       |       |       |     1 |       |     6 ||     7
 Abil: Evoke Flight      |       |       |       |     1 |       |       ||     1
       Evoke Teleportati |       |       |       |       |    11 |     8 ||    19
       Blink             |       |       |       |       |       |     2 ||     2
Evoke: Wand              |       |     4 |     9 |    12 |    15 |    18 ||    58
       Rod               |       |       |       |     3 |     1 |       ||     4
       Deck              |       |       |       |       |       |     2 ||     2
  Use: Potion            |     2 |       |       |    13 |    21 |     6 ||    42
       Scroll            |       |       |     7 |    14 |    19 |    19 ||    59
 Stab: Confused          |       |     1 |       |       |       |       ||     1
       Paralysed         |       |       |     2 |       |       |       ||     2
       Sleeping          |       |       |     2 |       |     1 |     1 ||     4
       Distracted        |       |       |       |     1 |     1 |     2 ||     4
